Map: Arctic Dream LE

Players

Thor

  • Race: Zerg Zerg
  • League: Gold
  • Spawn Location: 5:00

Alex

  • Race: Protoss Protoss
  • League: Platinum
  • Spawn Location: 6:00

qqq - Winner!

  • Race: Zerg Zerg
  • Spawn Location: 12:00

Massa - Winner!

  • Race: Terran Terran
  • League: Platinum
  • Spawn Location: 11:00

VOD

Have the link to the VOD?

Description

Time

  • Played on: Nov. 4, 2020, 3:29 p.m.
  • Length: 9:45
Show
View Real Time Build Order
Export as new Build Order

Thor Zerg 

Build Orders: Pool First, Zergling Baneling 

Get SALT Encoding   

  12  0:01  Drone  
  13  0:11  Drone  
  14  0:20  Overlord  
  14  0:39  Drone x3  
  17  0:50  Drone  
  17  0:54  Spawning Pool  
  17  0:58  Extractor  
  17  1:01  Drone  
  17  1:15  Drone  
  18  1:25  Hatchery  
  17  1:30  Drone  
  18  1:34  Drone  
  19  1:46  Queen  
  21  1:53  Spine Crawler  
  20  1:56  Zergling x4  
  22  2:09  Overlord  
  22  2:11  Metabolic Boost  
  22  2:36  Zergling x4  
  24  2:45  Baneling Nest  
  24  2:51  Drone x2  
  25  2:53  Queen  
  27  2:59  Drone x3  
  30  3:06  Extractor  
  29  3:18  Evolution Chamber  
  28  3:33  Spine Crawler  
  27  3:43  Drone x2  
  27  3:44  Zergling x6  
  32  3:48  Drone x2  
  32  3:49  Drone  
  32  3:55  Roach Warren  
  34  3:58  Drone  
  34  4:01  Overlord  
  35  4:05  Lair  
  35  4:08  Baneling x3  
  35  4:09  Baneling  
  35  4:13  Drone  
  36  4:52  Zergling x10  
  40  4:53  Baneling x4  
  40  4:56  Drone x3  
  40  4:57  Drone  
  44  5:00  Extractor  
  44  5:02  Extractor  
  42  5:21  Baneling x4  
  42  5:22  Centrifical Hooks  
  42  5:24  Drone x2  
  44  5:28  Spore Crawler  
  44  5:30  Drone, Overlord  
  44  5:31  Overlord x2  
  44  5:44  Glial Reconstitution  
  44  5:58  Overseer  
  44  6:02  Roach x3  
  44  6:03  Roach x2  
  54  6:06  Drone x3  
  54  6:07  Drone x4  
  61  6:17  Roach  
  63  6:35  Roach x2  
  63  6:36  Overlord x2  
  63  6:38  Drone  
  63  6:39  Overlord  
  62  7:01  Roach x5  
  70  7:05  Zerg Missile Weapons Level 1  
  70  7:07  Drone x3  
  70  7:08  Drone  
  76  7:14  Overseer  
  76  7:16  Roach x2  
  75  7:23  Evolution Chamber  
  74  8:06  Hydralisk Den  
  74  8:07  Roach x4  
  74  8:10  Drone x2  
  74  8:12  Roach x4  
  79  8:25  Spore Crawler  
  74  8:28  Spore Crawler  
  74  8:31  Spore Crawler  
  74  8:32  Spore Crawler x2  
  70  8:36  Drone  
  70  8:37  Drone  
  70  8:38  Spore Crawler  
  71  9:02  Spore Crawler  
Show
View Real Time Build Order
Export as new Build Order

Alex Protoss 

Build Orders:  

Get SALT Encoding   

  12  0:02  Probe  
  13  0:14  Probe  
  13  0:17  Pylon  
  14  0:26  Probe  
  15  0:39  Gateway  
  15  0:42  Probe  
  16  0:54  Probe (Chrono Boost)  
  16  0:55  Assimilator  
  18  1:05  Probe (Chrono Boost)  
  18  1:07  Pylon  
  18  1:10  Probe (Chrono Boost)  
  19  1:21  Probe  
  20  1:28  Cybernetics Core  
  20  1:33  Probe  
  20  1:34  Assimilator  
  21  1:45  Probe  
  22  1:55  Gateway, Zealot  
  24  2:05  Warp Gate  
  24  2:24  Shield Battery  
  24  2:29  Adept  
  26  2:47  Nexus  
  26  2:57  Probe  
  27  3:00  Pylon  
  27  3:09  Probe  
  28  3:22  Stargate  
  28  3:27  Gateway  
  28  3:30  Probe, Pylon  
  29  3:42  Probe  
  29  3:46  Pylon  
  30  3:54  Probe, Sentry  
  33  4:00  Probe  
  33  4:01  Void Ray, Assimilator  
  34  4:03  Assimilator  
  34  4:06  Probe  
  39  4:12  Probe  
  40  4:21  Stalker  
  40  4:22  Adept  
  44  4:24  Sentry  
  44  4:26  Probe  
  47  4:36  Probe  
  47  4:38  Probe, Void Ray  
  53  4:48  Probe  
  54  4:59  Pylon  
  54  5:01  Probe  
  54  5:02  Probe, Protoss Air Weapons Level 1 (Chrono Boost)  
  56  5:08  Pylon  
  56  5:10  Shield Battery  
  56  5:19  Stalker  
  58  5:22  Probe x2  
  60  5:29  Void Ray  
  60  5:34  Probe x2  
  66  5:39  Robotics Facility  
  66  5:46  Probe  
  67  5:51  Probe  
  68  5:58  Probe, Forge  
  69  6:06  Fleet Beacon  
  70  6:11  Probe x2  
  70  6:16  Void Ray  
  71  6:23  Probe  
  71  6:24  Probe  
  77  6:26  Shield Battery  
  77  6:30  Observer  
  78  6:35  Probe  
  79  6:43  Protoss Shields Level 1  
  79  6:45  Flux Vanes  
  79  6:51  Stargate  
  79  6:54  Pylon  
  79  6:57  Void Ray  
  83  7:11  Probe  
  83  7:12  Probe  
  85  7:32  Probe x2  
  85  7:36  Photon Cannon  
  83  8:01  Void Ray  
  83  8:04  Void Ray  
  91  8:20  Cybernetics Core  
  91  8:27  Photon Cannon  
  91  8:28  Photon Cannon  
  91  8:37  Gateway  
  91  8:39  Gateway  
  91  8:41  Pylon  
  91  8:53  Void Ray  
  91  8:57  Stalker  
  89  9:15  Stalker  
  89  9:16  Stalker  
  85  9:19  Nexus  
  85  9:21  Stalker  
  85  9:23  Pylon  
Show
View Real Time Build Order
Export as new Build Order

qqq Zerg - Winner!

Build Orders: Hatch First 

Get SALT Encoding   

  12  0:00  Drone  
  13  0:15  Drone  
  14  0:37  Hatchery  
  14  0:42  Drone  
  14  0:58  Spawning Pool  
  13  1:04  Overlord  
  13  1:16  Drone  
  14  1:19  Extractor  
  14  1:20  Drone  
  14  1:23  Drone  
  15  1:38  Drone x2  
  17  1:45  Queen  
  19  1:49  Drone  
  19  1:51  Drone  
  21  2:00  Drone  
  22  2:09  Drone  
  22  2:13  Drone  
  22  2:14  Queen  
  26  2:21  Metabolic Boost  
  26  2:25  Zergling x2  
  27  2:30  Overlord  
  27  2:33  Drone  
  28  2:51  Overlord  
  28  2:52  Zergling x2  
  28  2:53  Drone x2  
  31  3:03  Zergling x8  
  31  3:04  Drone  
  36  3:10  Baneling Nest  
  36  3:12  Drone  
  35  3:14  Zergling x2  
  36  3:21  Drone  
  36  3:23  Zergling x2  
  38  3:35  Zergling x2  
  38  3:37  Zergling x2  
  40  3:42  Overlord  
  40  3:47  Hatchery  
  39  3:49  Drone x3  
  39  3:52  Zergling x2  
  39  3:54  Zergling x2  
  44  4:01  Drone x2  
  44  4:02  Drone  
  47  4:06  Overlord  
  47  4:10  Baneling x3  
  47  4:12  Drone  
  47  4:14  Drone  
  47  4:15  Zergling x2  
  50  4:20  Drone  
  50  4:21  Zergling x2  
  51  4:29  Lair  
  51  4:42  Drone x3  
  54  4:45  Extractor  
  54  4:47  Drone x2  
  54  4:48  Drone  
  51  4:55  Zergling x4  
  51  4:56  Drone x2  
  51  4:59  Extractor  
  54  5:00  Extractor, Drone  
  54  5:15  Hatchery  
  54  5:17  Drone  
  54  5:18  Drone x2  
  55  5:28  Drone  
  55  5:29  Drone x2  
  58  5:36  Drone x2, Spire  
  58  5:38  Drone x4  
  58  5:39  Drone x2  
  65  5:49  Extractor  
  64  6:01  Overlord x4  
  64  6:02  Overlord x2  
  64  6:04  Drone  
  65  6:08  Spore Crawler  
  64  6:18  Drone  
  65  6:21  Drone  
  65  6:24  Drone x3  
  69  6:29  Extractor, Queen  
  69  6:31  Drone, Queen  
  74  6:40  Drone x2  
  75  6:56  Spine Crawler  
  75  6:58  Drone x2  
  75  6:59  Drone, Mutalisk x6  
  89  7:04  Hatchery  
  89  7:06  Baneling  
  89  7:07  Baneling x7  
  89  7:08  Baneling x2  
  88  7:09  Mutalisk  
  88  7:11  Mutalisk x3  
  96  7:17  Zerg Flyer Weapons Level 1  
  96  7:19  Drone  
  90  7:27  Mutalisk  
  90  7:28  Mutalisk  
  90  7:29  Drone x2  
  94  7:41  Hatchery  
  91  7:45  Mutalisk x2  
  92  7:59  Mutalisk x2  
  92  8:01  Drone x3  
  99  8:13  Mutalisk x2  
  99  8:15  Overlord x4  
  99  8:16  Drone  
  104  8:26  Mutalisk  
  106  8:28  Overlord  
  106  8:38  Hatchery  
  105  8:43  Mutalisk x2  
  105  8:44  Hatchery  
  105  8:45  Hatchery  
  107  9:10  Mutalisk x4  
  107  9:11  Mutalisk  
  107  9:12  Drone x2  
  107  9:13  Drone  
Show
View Real Time Build Order
Export as new Build Order

Massa Terran - Winner!

Build Orders:  

Get SALT Encoding   

  12  0:00  SCV  
  13  0:12  SCV  
  14  0:17  Supply Depot  
  14  0:24  SCV  
  15  0:38  SCV  
  15  0:40  Barracks  
  16  0:50  SCV  
  16  0:54  Supply Depot  
  17  1:00  Refinery  
  17  1:03  SCV  
  18  1:15  SCV  
  19  1:27  SCV, Marine  
  21  1:39  Orbital Command  
  21  1:49  Command Center  
  21  1:53  Reaper  
  22  2:05  SCV  
  23  2:12  Refinery  
  23  2:17  SCV  
  24  2:24  Factory  
  24  2:31  SCV  
  25  2:43  Command Center  
  25  2:44  SCV  
  26  2:56  SCV  
  27  3:18  Orbital Command, SCV  
  28  3:22  Factory Tech Lab  
  28  3:27  Engineering Bay  
  28  3:28  Starport  
  28  3:30  SCV  
  28  3:33  Barracks  
  29  3:34  Supply Depot  
  29  3:38  Starport  
  29  3:53  Barracks Reactor  
  29  3:54  Missile Turret  
  29  3:57  Missile Turret  
  29  4:00  Missile Turret  
  29  4:02  SCV  
  30  4:06  SCV  
  31  4:12  Orbital Command  
  31  4:19  Liberator  
  34  4:30  Barracks Tech Lab  
  34  4:32  Refinery  
  34  4:35  SCV x2  
  36  4:41  Terran Infantry Weapons Level 1  
  36  4:45  Armory  
  36  4:47  SCV x2  
  36  4:48  Medivac  
  36  4:51  Marine x2  
  42  4:54  Marauder  
  42  4:56  SCV  
  42  4:59  SCV x2  
  47  5:09  SCV  
  47  5:11  SCV x2  
  47  5:12  Marine x2  
  52  5:17  Widow Mine  
  52  5:21  SCV  
  55  5:23  SCV x2, Marauder  
  55  5:25  Medivac  
  61  5:33  Refinery, SCV  
  62  5:35  SCV x2  
  64  5:45  SCV  
  64  5:48  Starport Reactor  
  65  5:57  Orbital Command, SCV  
  65  5:58  SCV, Engineering Bay  
  65  6:03  Marine  
  65  6:04  Marine  
  69  6:07  Stimpack  
  69  6:12  Supply Depot  
  69  6:14  Supply Depot  
  69  6:15  Missile Turret, Supply Depot  
  69  6:17  Missile Turret  
  69  6:33  Marine x2, Viking x2  
  69  6:34  Marauder  
  69  6:35  Missile Turret  
  69  6:36  Viking, Siege Tank  
  82  6:43  Barracks  
  82  6:46  Barracks  
  82  6:54  Terran Infantry Armor Level 1  
  82  6:58  SCV x2  
  82  6:59  SCV  
  85  7:05  Missile Turret  
  85  7:08  Missile Turret  
  85  7:10  SCV, Viking x2  
  85  7:11  SCV, Viking  
  93  7:35  Supply Depot  
  93  7:37  Supply Depot x2  
  93  7:39  Supply Depot  
  93  7:46  Combat Shield  
  93  7:53  Marine x3  
  93  7:57  SCV x2, Siege Tank  
  98  8:00  Supply Depot  
  98  8:11  SCV, Marauder, Marine x2  
  98  8:12  SCV x2  
  105  8:19  Barracks x3  
  105  8:20  Barracks  
  105  8:22  Command Center  
  105  8:23  SCV  
  105  8:24  SCV x2  
  105  8:25  Missile Turret  
  108  8:35  SCV  
  108  8:36  SCV x2  
  111  8:47  Missile Turret  
  111  8:48  SCV x3  
  114  9:09  Missile Turret  
  107  9:29  Missile Turret  
  107  9:31  Barracks Reactor  
Tags
 
Add a new tag
Caveats
  • Supply blocks, unpowered buildings, or Contaminate may cause inaccurate times.
  • Supply counts are checked every 10 seconds.